 Dungeon Crawl Stone Soup version 0.23.2-1-ga50397a (webtiles) character file.

Game seed: 13658278050849584908

4330 troglodite the Spear-Bearer (level 10, 0/71 HPs)
             Began as a Merfolk Monk on May 16, 2019.
             Was a Priest of Hepliaklqana.
             Slain by an orc warrior
             ... wielding a +0 flail
              (14 damage)
             ... on level 7 of the Dungeon.
             The game lasted 00:33:42 (7393 turns).

troglodite the Spear-Bearer (Merfolk Monk)          Turns: 7393, Time: 00:33:43

Health: 0/71       AC:  9    Str: 14    XL:     10   Next: 33%
Magic:  8/10       EV: 13    Int:  9    God:    Hepliaklqana [***...]
Gold:   159        SH:  9    Dex: 18    Spells: 9/9 levels left

rFire    + . .     SeeInvis .   h - +2 spear (venom)
rCold    . . .     Gourm    .   B - +0 shield
rNeg     . . .     Faith    .   o - +0 ring mail
rPois    .         Spirit   .   b - +2 helmet
rElec    .         Reflect  .   (no cloak)
rCorr    .         Harm     .   (no gloves)
MR       .....                  (no boots)
Stlth    ++........             (no amulet)
HPRegen  0.21/turn              m - ring of protection from fire
MPRegen  0.12/turn              (no ring)

@: no status effects
A: change form in water, swift swim, stealthy swim, reduced essence
a: Recall Ancestor, Ancestor Identity, Transference, Renounce Religion


You were on level 7 of the Dungeon.
You worshipped Hepliaklqana.
Hepliaklqana was most pleased with you.
You were not hungry.

You visited 2 branches of the dungeon, and saw 9 of its levels.
You also visited: Ossuary.

You collected 159 gold pieces.

Inventory:

Hand Weapons
 d - a cursed -3 hunting sling
 h - a +2 spear of venom (weapon)
Missiles
 j - 30 sling bullets
 n - 180 stones (quivered)
Armour
 b - a +2 helmet (worn)
 o - a +0 ring mail (worn)
 B - a +0 shield (worn)
 F - the +1 robe "Lyin" {Dex+4}
   (You found it on level 6 of the Dungeon)

   It affects your dexterity (+4).
Jewellery
 m - a ring of protection from fire (left hand)
Wands
 x - a wand of enslavement (6)
 z - a wand of flame (13)
Scrolls
 a - 4 scrolls of enchant armour
 e - a scroll of magic mapping
 p - 2 scrolls of enchant weapon
 t - 3 scrolls of remove curse
 v - 2 scrolls of fog {unknown}
 w - a scroll of amnesia {unknown}
 y - a scroll of summoning {unknown}
 D - 3 scrolls of teleportation
 E - a scroll of silence {unknown}
Potions
 f - a potion of lignification {unknown}
 g - a potion of mutation
 i - 2 potions of magic
 k - 5 potions of curing
 l - 2 potions of brilliance {unknown}
 q - a potion of agility {unknown}
 r - 2 potions of might {unknown}
 s - a potion of degeneration {unknown}
 u - 3 potions of berserk rage
 A - 3 potions of flight
 C - a potion of resistance {unknown}
Comestibles
 c - 9 rations


   Skills:
 * Level 7.0 Fighting
 * Level 12.3 Polearms
 * Level 4.0 Slings
 * Level 5.0 Armour
 * Level 7.4 Dodging
 + Level 5.0 Stealth
 * Level 2.4 Shields


You had 9 spell levels left.
You didn't know any spells.
Your spell library was empty.

Dungeon Overview and Level Annotations

Branches:
Dungeon (8/15)             Temple (1/1) D:5
   Lair: D:8-11

Altars:
Ashenzari
Cheibriados
Dithmenos
Elyvilon
Fedhas
Gozag
Hepliaklqana
Kikubaaqudgha
Makhleb
Nemelex Xobeh
Okawaru
Qazlal
Ru
Sif Muna
Trog
Uskayaw
Vehumet
Wu Jian
Xom
Yredelemnul
Zin
The Shining One

Shops:
D:7 [

Annotations:
D:7 2 transporters, Killmatronix's ghost, novice MiFE


Message History

The orc dies!
The orc barely misses Arsinoe.
Found a white potion.
Arsinoe gestures at the orc priest while chanting.
The puff of frost hits the orc priest!
The orc hits Arsinoe with a cursed -3 flail.
Arsinoe hits the orc priest with a +0 quarterstaff!!
The orc priest dies!
Arsinoe hits the orc with a +0 quarterstaff!
The orc dies!
All of the chunks of flesh in your inventory have rotted away.
There is a stone staircase leading up here.
The orc warrior hits you with a +0 flail!
* * * LOW HITPOINT WARNING * * *
You climb upwards.
Level annotation: 2 transporters, Killmatronix's ghost, novice MiFE
There is a stone staircase leading down here.
Arsinoe is recalled.
The orc warrior hits you with a +0 flail!
You die...

###...#.#####._.###.#
#..........#######.'.
#.#.[.)##..###A###.##
#...[.###.#.#####.##
#..)..# #.#########
#...#####.# #...#
#.........# ##'##
##.######## #.#
#.o@R....# #.#
#.######.# ##.## #.#
#.###...####
#.######.##.......#
#.##............#.#
#.##.###.####...#.##
#....# #.# #.......
#.######.# #..##.##
#........# #.....#


You could see the friendly Arsinoe the battlemage and an orc warrior.

Vanquished Creatures
  A troll (D:8)
  A hippogriff (D:7)
  2 yaks
  Menkaure (Ossuary)
  4 ogres
  A sky beast (D:5)
  A black bear (D:8)
  3 phantoms
  An ice beast (D:5)
  A centaur (D:7)
  A bullfrog (D:7)
  A big kobold (D:7)
  4 scorpions
  2 howler monkeys
  2 crimson imps
  2 bullfrog zombies
  2 hounds
  A jelly (D:7)
  2 orc priests (D:3)
  4 orc wizards
  7 worker ants
  3 mummies (Ossuary)
  4 gnolls (D:3)
  8 adders
  2 shadow imps
  An ooze (D:1)
  An adder skeleton (D:5)
  2 worms
  4 dart slugs
  3 leopard geckos
  32 orcs
  7 bats
  9 giant cockroaches
  3 gnoll zombies (Ossuary)
  5 goblins
  9 hobgoblins
  7 jackals
  3 quokkas
  2 ball pythons
  7 frilled lizards
  A gnoll skeleton (Ossuary)
  A goblin skeleton (Ossuary)
  4 goblin zombies (Ossuary)
  3 hobgoblin skeletons (Ossuary)
  5 hobgoblin zombies (Ossuary)
  11 kobolds
  4 kobold skeletons (Ossuary)
  2 kobold zombies (Ossuary)
  A leopard gecko skeleton (D:4)
  4 orc skeletons (Ossuary)
  9 rats
  4 rat skeletons (Ossuary)
  3 rat zombies (Ossuary)
208 creatures vanquished.

Vanquished Creatures (collateral kills)
  A wyvern (D:8)
  3 yaks
  A hungry ghost (D:7)
  A sky beast (D:7)
  An ogre (D:6)
  A bullfrog (D:6)
  A hound (D:8)
  2 orc priests (D:8)
  5 orc wizards
  A bullfrog skeleton (D:6)
  2 worker ants
  A hound zombie (D:6)
  A shadow imp (D:8)
  An adder zombie (D:7)
  5 orcs
  2 jackals (D:7)
  A kobold (D:7)
  2 gnoll skeletons (Ossuary)
  3 gnoll zombies (Ossuary)
  A goblin zombie (Ossuary)
  3 kobold skeletons (Ossuary)
  A kobold zombie (Ossuary)
  3 orc skeletons (Ossuary)
  2 orc zombies (Ossuary)
  A rat zombie (Ossuary)
46 creatures vanquished.

Grand Total: 254 creatures vanquished

Notes
Turn   | Place    | Note
-------+----------+-------------------------------------------
     0 | D:1      | troglodite the Merfolk Monk began the quest for the Orb.
     0 | D:1      | Reached XP level 1. HP: 18/18 MP: 1/1
    95 | D:1      | Reached XP level 2. HP: 15/24 MP: 2/2
   409 | D:1      | Reached skill level 5 in Polearms
   449 | D:1      | Reached XP level 3. HP: 26/29 MP: 3/3
   757 | D:2      | Reached XP level 4. HP: 27/37 MP: 4/4
   815 | D:2      | Reached skill level 1 in Slings
  1531 | D:3      | Reached skill level 6 in Polearms
  1531 | D:3      | Reached XP level 5. HP: 32/42 MP: 5/5
  1668 | D:3      | Found a deep blue altar of Sif Muna.
  1673 | D:3      | Reached skill level 1 in Armour
  1687 | D:3      | Found a bloodstained altar of Trog.
  2013 | D:3      | Found a shimmering altar of Xom.
  2013 | D:3      | Found a radiant altar of Vehumet.
  2015 | D:3      | Found a snail-covered altar of Cheibriados.
  2075 | D:3      | Reached XP level 6. HP: 48/48 MP: 6/6
  2193 | D:3      | Reached skill level 7 in Polearms
  2324 | D:3      | Reached skill level 5 in Dodging
  2874 | D:4      | Reached XP level 7. HP: 55/55 MP: 7/7
  3013 | D:4      | Reached skill level 8 in Polearms
  3351 | D:5      | Entered Level 5 of the Dungeon
  3450 | D:5      | Reached skill level 5 in Fighting
  3450 | D:5      | Reached XP level 8. HP: 42/62 MP: 8/8
  3521 | D:5      | Reached skill level 9 in Polearms
  3874 | D:5      | Found a staircase to the Ecumenical Temple.
  3886 | Temple   | Entered the Ecumenical Temple
  4095 | Temple   | Became a worshipper of Hepliaklqana the Forgotten
  4095 | Temple   | Reached * piety under Hepliaklqana
  4095 | Temple   | Reached ** piety under Hepliaklqana
  4097 | Temple   | Remembered your ancestor Arsinoe as a battlemage
  4754 | D:6      | Noticed a yak
  4754 | D:6      | Noticed a yak
  4755 | D:6      | Noticed a yak
  4755 | D:6      | Noticed a yak
  4757 | D:6      | Noticed a yak
  4763 | D:6      | Killed a yak
  4769 | D:5      | Killed a yak
  4769 | D:5      | Reached skill level 10 in Polearms
  4769 | D:5      | Reached XP level 9. HP: 55/62 MP: 9/9
  5156 | D:6      | Found a basalt altar of Yredelemnul.
  5322 | D:6      | Got a faintly humming robe
  5333 | D:6      | Identified the +1 robe "Lyin" {Dex+4} (You found it on
                  | level 6 of the Dungeon)
  5378 | D:6      | Reached skill level 11 in Polearms
  5497 | D:7      | Reached skill level 1 in Shields
  5561 | D:7      | Found Weahomua's Armour Boutique.
  5615 | D:7      | Found a sand-covered staircase.
  5695 | Ossuary  | Entered an ossuary
  5798 | Ossuary  | Reached *** piety under Hepliaklqana
  6006 | Ossuary  | Noticed Menkaure
  6015 | Ossuary  | Killed Menkaure
  6189 | D:7      | Found a glowing silver altar of Zin.
  6189 | D:7      | Found a burning altar of Makhleb.
  6190 | D:7      | Noticed a cacodemon
  6190 | D:7      | Noticed an angel
  6346 | D:7      | Reached XP level 10. HP: 64/69 MP: 10/10
  6485 | D:7      | Noticed a moth of wrath
  6498 | D:7      | Found a bloodstained altar of Trog.
  6498 | D:7      | Found a transporter.
  6498 | D:7      | Noticed Killmatronix's ghost (novice MiFE)
  6608 | D:7      | Reached skill level 12 in Polearms
  6673 | D:7      | Found a transporter.
  7280 | D:8      | Found a stormy altar of Qazlal.
  7356 | D:8      | Reached skill level 5 in Armour
  7356 | D:8      | Reached skill level 5 in Stealth
  7393 | D:7      | Slain by an orc warrior

Skill      XL: |  1  2  3  4  5  6  7  8  9 10 |
---------------+-------------------------------+-----
Polearms       | 5 6 7 8 10 11 12 | 12.3
Slings         | 1 2 3 4 |  4.0
Fighting       | 4 5 6 7 |  7.0
Armour         | 1 2 3 4 5 |  5.0
Stealth        | 3 4 5 |  5.0
Dodging        | 5 6 7 |  7.4
Shields        | 1 2 |  2.4

Action                   |  1- 3 |  4- 6 |  7- 9 | 10-12 || total
-------------------------+-------+-------+-------+-------++-------
Melee: Spear             |    96 |   231 |   516 |    78 ||   921
Invok: Ancestor Life: Ba |       |       |     1 |       ||     1
       Recall Ancestor   |       |       |       |     1 ||     1
  Use: Scroll            |       |       |    15 |       ||    15
 Stab: Sleeping          |     4 |     9 |     6 |     4 ||    23
       Distracted        |       |     1 |     2 |       ||     3
  Eat: Chunk             |       |     6 |     8 |     4 ||    18
       Ration            |       |       |     1 |       ||     1
Armor: Robe              |     8 |     1 |       |       ||     9
       Ring mail         |       |    26 |    60 |    18 ||   104
Dodge: Dodged            |    46 |    91 |   128 |    15 ||   280
Block: Shield            |       |       |    44 |    11 ||    55
